 Dungeon Crawl Stone Soup version 0.27.0-1-g7a089689b8 (webtiles) character file.

Game seed: 2230016882555078000

59 rjrrt the Skirmisher (level 4, -3/40 HPs)
             Began as a Hill Orc Fighter on Aug 11, 2021.
             Slain by a sky beast (6 damage)
             ... on level 3 of the Dungeon.
             The game lasted 00:02:56 (2038 turns).

rjrrt the Skirmisher (Hill Orc Fighter)             Turns: 2038, Time: 00:02:57

Health: -3/40      AC:  7    Str: 19    XL:     4   Next: 3%
Magic:  4/4        EV:  7    Int:  8    God:
Gold:   115        SH:  9    Dex: 10    Spells: 3/3 levels left

rFire    . . .     SeeInvis .   a - +1 war axe
rCold    . . .     Faith    .   c - +0 kite shield
rNeg     . . .     Spirit   .   b - +0 scale mail
rPois    .         Reflect  .   (no helmet)
rElec    .         Harm     .   (no cloak)
rCorr    .         Rampage  .   (no gloves)
Will     .....                  (no boots)
Stlth    ..........             (no amulet)
HPRegen  0.13/turn              (no ring)
MPRegen  0.09/turn              (no ring)

@: no status effects
A: no striking features
a: no special abilities


You were on level 3 of the Dungeon.
You visited 1 branch of the dungeon, and saw 3 of its levels.

You collected 115 gold pieces.

Inventory:

Hand Weapons
 a - a +1 war axe (weapon)
Missiles
 h - 6 poisoned darts
 k - 5 boomerangs (quivered)
Armour
 b - a +0 scale mail (worn)
 c - a +0 kite shield (worn)
Jewellery
 g - an amulet of guardian spirit
Potions
 d - a potion of might
 e - a potion of berserk rage {unknown}
 f - a potion of haste {unknown}
 i - 2 potions of lignification {unknown}
 j - 2 potions of curing {unknown}
 l - 2 potions of invisibility {unknown}


   Skills:
 + Level 4.1 Fighting
 * Level 3.9 Axes
 + Level 3.7 Armour
 * Level 3.9 Shields


You had 3 spell levels left.
You didn't know any spells.
Your spell library contained the following spells:

 Spells                   Type           Power      Damage    Failure   Level
 Beastly Appendage        Tmut           0%         N/A       99%         1
 Wereblood                Tmut           0%         N/A       100%        2
 Spider Form              Tmut/Pois      0%         N/A       100%        3


Dungeon Overview and Level Annotations

Branches:
Dungeon (3/15)

Altars:
Vehumet


Message History

Reactivating autopickup.
The sky beast completely misses you. The sky beast hits you.
The sky beast shocks you.
You hit the sky beast.
The sky beast is moderately wounded.
You hit the ball python. The ball python barely misses you. x2
The sky beast barely misses you. You block the ball python's attack.
The ball python grabs you. The ball python constricts you.
The sky beast hits you. The sky beast shocks you.
You slash the ball python!
You kill the ball python!
You completely miss the sky beast. The sky beast hits you.
The sky beast shocks you.
* * * LOW HITPOINT WARNING * * *
You are too injured to fight recklessly!
You are too injured to fight recklessly!
Unknown command.
You closely miss the sky beast.
The sky beast is moderately wounded.
The sky beast closely misses you.
The sky beast hits you but does no damage.
Unknown command.
You barely miss the sky beast.
The sky beast is moderately wounded.
The sky beast hits you but does no damage.
You slash the sky beast!
The sky beast is heavily wounded.
The sky beast flickers out of sight!
Deactivating autopickup; reactivate with Ctrl-A.
Something hits you but does no damage. x2
Unknown command.
You closely miss something. Something hits you.
* * * LOW HITPOINT WARNING * * *
Something shocks you.
* * * LOW HITPOINT WARNING * * *
You closely miss something. Something hits you but does no damage.
Something hits you.
* * * LOW HITPOINT WARNING * * *
Something shocks you.
You die...

...#.# #....#####
#..!.....# ........#
#...>...# #.......#
#..†....# #..@....#
#...{...## #####.#...###
##...........#
#.....#....#....
#..##...#.## # ##.
##.##... ....###.# ###..
############......#####..#


There were no monsters in sight!

Vanquished Creatures
  A worm (D:2)
  3 dart slugs (D:1)
  4 bats
  4 endoplasms
  6 giant cockroaches
  2 hobgoblins (D:1)
  4 quokkas
  5 ball pythons
  2 frilled lizards (D:1)
  6 goblins
  3 kobolds
  6 rats
46 creatures vanquished.

Notes
Turn   | Place    | Note
-------+----------+-------------------------------------------
     0 | D:1      | rjrrt the Hill Orc Fighter began the quest for the Orb.
     0 | D:1      | Reached XP level 1. HP: 19/19 MP: 1/1
    91 | D:1      | Reached XP level 2. HP: 25/27 MP: 2/2
   706 | D:1      | Reached XP level 3. HP: 33/33 MP: 3/3
   765 | D:1      | Reached skill level 4 in Fighting
  1384 | D:2      | Found a faded altar of an unknown god.
  1386 | D:2      | Found a radiant altar of Vehumet.
  1876 | D:3      | Reached XP level 4. HP: 40/40 MP: 4/4
  2022 | D:3      | Noticed a sky beast
  2038 | D:3      | Slain by a sky beast

Illustrated notes

Levels and vault maps discovered:
D:1:      dpeg_arrival_arbitrary_a, layout_basic
D:2:      layout_rooms, basic_altar, basic_ecumenical_altar,
          minmay_misc_feat_cross, minmay_ruptured
D:3:      layout_loops_cross, corexii_shack, st_stairs_4,
          kennysheep_generic_room_3

Skill      XL: |  1  2  3 |
---------------+----------+-----
Axes           | 3 |  3.9
Fighting       | 4 |  4.1
Armour         | |  3.7
Shields        | |  3.9

Action                   |  1- 3 |  4- 6 || total
-------------------------+-------+-------++-------
Melee: War axe           |   112 |    15 ||   127
  Use: Scroll            |     4 |       ||     4
Armor: Scale mail        |    51 |    13 ||    64
Dodge: Dodged            |    43 |     8 ||    51
Block: Kite shield       |    61 |     2 ||    63
